 Dungeon Sprint DCSS version 0.22.1-2-g9c5b331 (webtiles) character file.

1438 diana the Carver (level 8, -5/56 HPs)
             Began as a Demonspawn Gladiator on Dec 14, 2018.
             Was a High Priest of Dithmenos.
             Slain by a blink frog (15 damage)
             ... in the Dungeon (Sprint VII: "The Pits").
             The game lasted 00:04:05 (1193 turns).

diana the Carver (Demonspawn Gladiator)             Turns: 1193, Time: 00:04:06

Health: -5/56      AC:  4    Str: 14    XL:     8   Next: 45%
Magic:  3/8        EV: 13    Int: 11    God:    Dithmenos [*****.]
Gold:   0          SH:  0    Dex: 18    Spells: 7/7 levels left

rFire    + . .     SeeInvis .   l - +2 falchion
rCold    . . .     Gourm    .   (no shield)
rNeg     . . .     Faith    .   b - +0 leather armour
rPois    .         Spirit   .   c - +0 helmet
rElec    .         Reflect  .   (no cloak)
rCorr    .         Harm     .   (no gloves)
MR       .....     NoTele   +   (no boots)
Stlth    ++++++++..             (no amulet)
HPRegen  0.18/turn              (no ring)
MPRegen  0.11/turn              (no ring)

@: wreathed by umbra
A: thin skeletal structure 1, fire resistance 1
a: Shadow Step, Shadow Form, Renounce Religion


You were in the Dungeon.
You worshipped Dithmenos.
Dithmenos was extremely pleased with you.
You were not hungry.

You visited 1 branch

Inventory:

Hand Weapons
 a - a +0 long sword
 e - a +2 dagger
 l - a +2 falchion (weapon)
 t - a +3 dagger of draining
Missiles
 d - 2 throwing nets (quivered)
Armour
 b - a +0 leather armour (worn)
 c - a +0 helmet (worn)
 s - a +3 ring mail
Wands
 q - a wand of flame (16)
Scrolls
 k - a scroll of blinking
 n - 3 scrolls of remove curse
 o - 5 scrolls of amnesia
 p - a scroll of summoning
Potions
 g - 2 potions of heal wounds
 h - a potion of haste
 i - 4 potions of magic
 j - 2 potions of berserk rage
 m - 2 potions of invisibility
 r - 5 potions of curing
 u - a potion of flight {unknown}
Comestibles
 f - 9 rations


   Skills:
 - Level 2.0 Fighting
 * Level 13.9 Long Blades
 - Level 1.7 Throwing
 - Level 2.6 Dodging
 + Level 10.9 Stealth


You had 7 spell levels left.
You didn't know any spells.
Your spell library was empty.

Dungeon Overview and Level Annotations

Branches:
Dungeon (1/1)

Altars:
Ashenzari
Cheibriados
Dithmenos
Elyvilon
Fedhas
Gozag
Hepliaklqana
Kikubaaqudgha
Makhleb
Nemelex Xobeh
Okawaru
Qazlal
Ru
Sif Muna
Trog
Uskayaw
Vehumet
Wu Jian
Xom
Yredelemnul
Zin
The Shining One
Beogh
Jiyva
Lugonu


Innate Abilities, Weirdness & Mutations

You have a somewhat thin skeletal structure. (Dex +2, Stealth)
Your flesh is heat resistant. (rF+)


Message History

The blink frog is moderately wounded.
You slash the blink frog!
The blink frog is severely wounded.
The blink frog misses you. The blink frog barely misses you.
You barely miss the blink frog.
The blink frog is severely wounded.
The blink frog hits you!
* * * LOW HITPOINT WARNING * * *
The blink frog blinks!
The blink frog hits you!
* * * LOW HITPOINT WARNING * * *
The blink frog blinks!
The blink frog hits you but does no damage.
You feel much better.
The blink frog blinks!
The blink frog hits you!
* * * LOW HITPOINT WARNING * * *
You emit a cloud of dark smoke.
You feel much better. The blink frog barely misses you.
The blink frog hits you!
* * * LOW HITPOINT WARNING * * *
The blink frog blinks!
The blink frog hits you!
You die...

#.#..'.))).##.......#
#†#..#.).)[##.......#
#'###########.......#
#[÷.....#..##########
#.###...#†######
#.#.....#.#....#
#.#...#.#)#....#
#.....#.#)'.§F.+
#...###.#'#.§§@#
#....†..'.#F.F§#
################


You could see 3 blink frogs.

Vanquished Creatures
  An orc knight (D)
  A black mamba (D)
  A blink frog (D)
  A phantom (D)
  A sky beast (D)
  A wolf (D)
  An ogre (D)
  A scorpion (D)
  Ijyb (D)
  A mummy (D)
  2 adders (D)
  A white imp (D)
  An adder zombie (D)
  2 orcs (D)
  2 giant cockroaches (D)
  A hobgoblin (D)
  3 jackals (D)
  2 kobolds (D)
  A quokka (D)
  A rat (D)
26 creatures vanquished.

Notes
Turn   | Place    | Note
-------+----------+-------------------------------------------
     0 | D        | diana the Demonspawn Gladiator began the quest for the Orb.
     0 | D        | Reached XP level 1. HP: 16/16 MP: 1/1
    26 | D        | Reached skill level 4 in Long Blades
    26 | D        | Gained mutation: Your flesh is heat resistant. (rF+)
                  | [demonic ancestry]
    26 | D        | Reached XP level 2. HP: 9/22 MP: 2/2
   239 | D        | Found a glowing golden altar of the Shining One.
   239 | D        | Found a glowing silver altar of Zin.
   239 | D        | Found a basalt altar of Yredelemnul.
   239 | D        | Found a shimmering altar of Xom.
   239 | D        | Found an ornate altar of the Wu Jian Council.
   239 | D        | Found a bloodstained altar of Trog.
   239 | D        | Found a deep blue altar of Sif Muna.
   239 | D        | Found a sacrificial altar of Ru.
   239 | D        | Found a stormy altar of Qazlal.
   239 | D        | Found an iron altar of Okawaru.
   239 | D        | Found a sparkling altar of Nemelex Xobeh.
   239 | D        | Found a burning altar of Makhleb.
   239 | D        | Found a viscous altar of Jiyva.
   239 | D        | Found a hazy altar of Hepliaklqana.
   239 | D        | Found an opulent altar of Gozag.
   239 | D        | Found a blossoming altar of Fedhas.
   239 | D        | Found a white marble altar of Elyvilon.
   239 | D        | Found a shadowy altar of Dithmenos.
   239 | D        | Found a snail-covered altar of Cheibriados.
   240 | D        | Found a radiant altar of Vehumet.
   240 | D        | Found a corrupted altar of Lugonu.
   240 | D        | Found a roughly hewn altar of Beogh.
   241 | D        | Found an ancient bone altar of Kikubaaqudgha.
   241 | D        | Found a hide-covered altar of Uskayaw.
   241 | D        | Found a shattered altar of Ashenzari.
   246 | D        | Became a worshipper of Dithmenos the Shadowed
   367 | D        | Reached * piety under Dithmenos
   443 | D        | Noticed an ogre
   444 | D        | Reached ** piety under Dithmenos
   445 | D        | Reached skill level 5 in Long Blades
   453 | D        | Killed an ogre
   453 | D        | Reached skill level 7 in Long Blades
   453 | D        | Reached skill level 5 in Stealth
   453 | D        | Reached XP level 3. HP: 12/27 MP: 3/3
   453 | D        | Reached XP level 4. HP: 14/33 MP: 4/4
   675 | D        | Noticed a sky beast
   675 | D        | Noticed a wolf
   706 | D        | Reached *** piety under Dithmenos
   834 | D        | Killed a wolf
   834 | D        | Reached skill level 9 in Long Blades
   834 | D        | Reached XP level 5. HP: 36/38 MP: 5/5
   835 | D        | Noticed Ijyb
   839 | D        | Killed a sky beast
   839 | D        | Reached XP level 6. HP: 34/44 MP: 6/6
   842 | D        | Reached skill level 10 in Long Blades
   850 | D        | Killed Ijyb
   850 | D        | Reached **** piety under Dithmenos
  1113 | D        | Reached skill level 11 in Long Blades
  1114 | D        | Noticed an orc knight
  1122 | D        | Killed an orc knight
  1122 | D        | Reached skill level 12 in Long Blades
  1122 | D        | Gained mutation: You have a somewhat thin skeletal
                  | structure. (Dex +2, Stealth) [demonic ancestry]
  1122 | D        | Reached XP level 7. HP: 43/50 MP: 7/7
  1169 | D        | Reached ***** piety under Dithmenos
  1180 | D        | Noticed a blink frog
  1180 | D        | Noticed a blink frog
  1180 | D        | Noticed a blink frog
  1180 | D        | Noticed a black mamba
  1181 | D        | Noticed a blink frog
  1182 | D        | Killed a black mamba
  1182 | D        | Reached skill level 13 in Long Blades
  1182 | D        | Reached skill level 10 in Stealth
  1182 | D        | Reached XP level 8. HP: 52/56 MP: 3/8
  1183 | D        | Killed a blink frog
  1191 | D        | HP: 2/56 [blink frog (10)]
  1193 | D        | Slain by a blink frog

Skill      XL: |  1  2  3  4  5  6  7 |
---------------+----------------------+-----
Long Blades    | 4 7 9 12 13 | 13.9
Stealth        | 2 5 6 7 9 10 | 10.9
Fighting       | |  2.0
Throwing       | |  1.7
Dodging        | |  2.6

Action                   |  1- 3 |  4- 6 |  7- 9 || total
-------------------------+-------+-------+-------++-------
Melee: Long sword        |    15 |       |       ||    15
       Falchion          |    20 |    44 |    10 ||    74
       Dagger            |       |    16 |     6 ||    22
Throw: Throwing net      |     1 |       |       ||     1
Invok: Shadow Step       |       |       |     1 ||     1
  Use: Potion            |     1 |     3 |     2 ||     6
 Stab: Sleeping          |     1 |     2 |     3 ||     6
  Eat: Chunk             |       |       |     1 ||     1
Armor: Leather armour    |    10 |     7 |     4 ||    21
Dodge: Dodged            |    28 |    31 |     8 ||    67
       Rpst.: Long sword |     4 |       |       ||     4
       Falchion          |     5 |    10 |     3 ||    18
